AoeStats
← 只会打步弓

Arabia

508266333Analyzed
1v1 RM · 10d ago on Sep 21, 2026· 62m 6s· 2 players
Game mode
Random Map
Map size
Tiny (2 player)
Population
200
Speed
Normal
Resources
Standard
Victory
Conquest
Starting age
Dark Age
Ending age
Imperial Age
RankedLock teamsTeams togetherTeam positionsShared explorationLock speedFull tech treeHidden civsTurbo modeCheats
Victory
Defeat
🇨🇳 Mapuche · China
1898
+15
🇬🇧 Byzantines · United Kingdom
1876
-15
Alfred
7:10 Loom
10:16 Feudal Age
11:34 Wheelbarrow
11:02 Man-at-Arms
12:22 Double-Bit Axe
15:09 Fletching
21:53 Castle Age
20:46 Horse Collar
20:59 Stone Mining
21:43 Gold Mining
22:31 Bodkin Arrow
21:57 Elite Skirmisher
23:08 Bow Saw
24:56 Scale Barding Armor
26:42 Chain Barding Armor
37:16 Imperial Age
34:50 Crossbowman
36:23 Padded Archer Armor
37:35 Leather Archer Armor
37:18 Arbalester
37:59 Bracer
39:07 Chemistry
39:35 Ballistics
40:36 Thumb Ring
41:10 Ring Archer Armor
44:28 Plate Barding Armor
44:41 Elite Cataphract
46:51 Forging
50:28 Logistica
只会打步弓
8:32 Feudal Age
6:50 Loom
8:44 Feudal Age
10:14 Double-Bit Axe
10:59 Horse Collar
13:37 Fletching
20:51 Castle Age
19:21 Gold Mining
20:17 Padded Archer Armor
21:36 Bodkin Arrow
21:13 Elite Skirmisher
23:36 Wheelbarrow
23:13 Bow Saw
23:04 Heavy Plow
26:27 Ballistics
26:23 Pikeman
29:46 Hand Cart
30:04 Town Watch
35:19 Imperial Age
35:40 Scale Mail Armor
36:26 Conscription
35:32 Halberdier
36:25 Forging
37:21 Chain Mail Armor
37:42 Iron Casting
38:44 Malon
40:04 Gold Shaft Mining
40:36 Plate Mail Armor
41:11 Blast Furnace
40:32 Leather Archer Armor
41:51 Chemistry
41:47 Crop Rotation
43:35 Ring Archer Armor
44:58 Butalmapu
44:34 Elite Bolas Rider
45:42 Town Patrol
Connection lost

Rejoining the realm…

Still unreachable

The connection could not be restored.

Session expired

The server has moved on; the page needs a fresh start.